 Dungeon Crawl Stone Soup version 0.22-a0-467-g5c5de1c (webtiles) character file.

180 CougarLife the Ruffian (level 5, 0/53 HPs)
             Began as a Troll Monk on June 10, 2018.
             Succumbed to an adder's poison
             ... on level 3 of the Dungeon.
             The game lasted 00:02:46 (1733 turns).

CougarLife the Ruffian (Troll Monk)                 Turns: 1733, Time: 00:02:47

Health: 0/53       AC:  5    Str: 19    XL:     5   Next: 33%
Magic:  4/4        EV: 11    Int:  7    God:
Gold:   71         SH:  0    Dex: 12    Spells: 4/4 levels left

rFire    . . .     SeeInvis .     - Unarmed
rCold    . . .     Gourm    +   (no shield)
rNeg     . . .     Faith    .   a - +0 robe
rPois    .         Spirit   .   (helmet restricted)
rElec    .         Reflect  .   (no cloak)
rCorr    .         Harm     .   (gloves unavailable)
MR       .....                  (boots unavailable)
Stlth    ++........             (no amulet)
HPRegen  0.57/turn              (no ring)
MPRegen  0.09/turn              (no ring)

@: lethally poisoned (0 -> -1)
A: large, unfitting armour, claws 3, fast metabolism 3, gourmand, regeneration
1, shaggy fur 1, tough skin 2
a: no special abilities


You were on level 3 of the Dungeon.
You were very full.

You visited 1 branch of the dungeon, and saw 3 of its levels.

You collected 71 gold pieces.

Inventory:

Armour
 a - a +0 robe (worn)
Scrolls
 d - 3 scrolls of identify
 h - a scroll of magic mapping {unknown}
 k - 2 scrolls of remove curse {unknown}
Potions
 c - 4 potions of curing {unknown}
 e - a potion of agility {unknown}
 g - a potion of cancellation {unknown}
 i - a potion of brilliance {unknown}
Comestibles
 b - 3 rations
 f - 8 chunks of flesh


   Skills:
 - Level 3.0 Fighting
 - Level 3.0 Dodging
 - Level 1.0 Stealth
 + Level 5.3 Unarmed Combat


You had 4 spell levels left.
You didn't know any spells.
Your spell library was empty.

Dungeon Overview and Level Annotations

Branches:
Dungeon (3/15)

Altars:


Innate Abilities, Weirdness & Mutations

You are too large for most types of armour.
You have claws for hands.
Your metabolism is lightning-fast.
You like to eat raw meat.
Your natural rate of healing is unusually fast.
You are covered in fur. (AC +1)
You have very tough skin. (AC +2)


Message History

You feel sick. Terence hits you with a trident!
* * * LOW HITPOINT WARNING * * *
The giant cockroach closely misses you.
You claw Terence!
Terence is severely wounded.
You feel sick. The giant cockroach closely misses you.
Terence hits you with a trident!
* * * LOW HITPOINT WARNING * * *
You claw Terence!
You kill Terence!
* * * LOW HITPOINT WARNING * * *
You feel sick. The giant cockroach barely misses you.
* * * LOW HITPOINT WARNING * * *
You feel sick.
The giant cockroach bites you but does no damage.
Things that are here:
a trident; a chain mail; the human corpse of Terence You scratch the giant cockroach.
The giant cockroach is almost dead.
You die...

...### #.......###+#....
......# #.......###.##..#
....... #.......+........
....... #.......###.##...
....... #.......# #.##...
......! ###.....# #.##...
.......#####...[.###.##...
..........................
.........@s...............
.......#####.#######.#...#
....... #.# #.#####
....... #+# #.# ######.
#.# #. #+# #.


You could see a giant cockroach.

Vanquished Creatures
  Terence (D:3)
  4 gnolls (D:2)
  2 adders
  An ooze (D:1)
  A worm (D:2)
  6 dart slugs
  4 leopard geckos
  An orc (D:3)
  7 giant cockroaches
  7 goblins
  10 hobgoblins
  7 jackals
  5 kobolds
  A quokka (D:2)
  8 bats
  A frilled lizard (D:1)
  4 rats
70 creatures vanquished.

Notes
Turn   | Place    | Note
-------+----------+-------------------------------------------
     0 | D:1      | CougarLife the Troll Monk began the quest for the Orb.
     0 | D:1      | Reached XP level 1. HP: 22/22 MP: 0/0
    15 | D:1      | Reached XP level 2. HP: 24/29 MP: 1/1
   355 | D:1      | Reached XP level 3. HP: 37/37 MP: 2/2
   953 | D:2      | Reached XP level 4. HP: 40/45 MP: 3/3
   985 | D:2      | Reached skill level 4 in Unarmed Combat
  1625 | D:3      | Reached XP level 5. HP: 52/53 MP: 4/4
  1700 | D:3      | Reached skill level 5 in Unarmed Combat
  1707 | D:3      | Noticed Terence
  1730 | D:3      | HP: 2/53 [Terence/trident (8)]
  1731 | D:3      | Killed Terence
  1733 | D:3      | Succumbed to an adder's poison

Vault maps used:
D:1:      scummos_arrival_checkerplants, serial_forest,
          infiniplex_forest_clump_cross, infiniplex_forest_straight_3,
          infiniplex_forest_fountain, infiniplex_forest_straight_4,
          infiniplex_forest_fountain, infiniplex_forest_clump_small,
          infiniplex_forest_lined_corner, infiniplex_forest_lined_3,
          solitary_fountain, dk_noncrumbling_3
D:3:      old_standard_altar, overflow_temple_1_default, uniq_terence

Skill      XL: |  1  2  3  4  5 |
---------------+----------------+-----
Fighting       | 3 |  3.0
Dodging        | 3 |  3.0
Unarmed Combat | 4 5 |  5.3
Stealth        | |  1.0

Action                   |  1- 3 |  4- 6 || total
-------------------------+-------+-------++-------
Melee: Unarmed           |    86 |    84 ||   170
       Punch             |     2 |     2 ||     4
  Use: Scroll            |       |     1 ||     1
 Stab: Sleeping          |     1 |     2 ||     3
  Eat: Chunk             |    13 |     8 ||    21
Armor: Robe              |    35 |    27 ||    62
Dodge: Dodged            |    47 |    52 ||    99

Table legend:
 A = Spawn XP
 B = Non-spawn XP
 C = Spawn XP percentage of total XP
 D = Spawn monster count
 E = Non-spawn monster count
 F = Spawn count percentage of total count
 G = Total turns spent on level
                    A         B        C        D         E        F      G
               +---------+---------+-------+---------+---------+-------+---------
         Total |       0 |     258 |   0.0 |       0 |      70 |   0.0 |  1733
               +---------+---------+-------+---------+---------+-------+---------
           D:1 |       0 |      72 |   0.0 |       0 |      34 |   0.0 |   918
           D:2 |       0 |     117 |   0.0 |       0 |      25 |   0.0 |   677
           D:3 |       0 |      69 |   0.0 |       0 |      11 |   0.0 |   138
               +---------+---------+-------+---------+---------+-------+---------
